 Dungeon Crawl Stone Soup version 0.27-a0-1332-g84bddb5ca7 (webtiles) character file.

Game seed: 18052391978869717934

41 Gwenloh the Caller (level 3, 0/24 HPs)
             Began as a Barachi Summoner on June 26, 2021.
             Slain by a black bear (4 damage)
             ... on level 2 of the Dungeon.
             The game lasted 00:07:29 (2441 turns).

Gwenloh the Caller (Barachi Summoner)               Turns: 2441, Time: 00:07:30

Health: 0/24       AC:  4    Str:  9    XL:     3   Next: 52%
Magic:  3/6        EV: 12    Int: 15    God:
Gold:   34         SH:  0    Dex: 13    Spells: 3/6 levels left

rFire    . . .     SeeInvis .   l - +0 spear
rCold    . . .     Faith    .   (no shield)
rNeg     . . .     Spirit   .   a - +0 robe
rPois    .         Reflect  .   c - +1 helmet
rElec    .         Harm     .   (no cloak)
rCorr    .         Rampage  .   (no gloves)
Will     .....                  (no boots)
Stlth    ++........             (no amulet)
HPRegen  0.08/turn              (no ring)
MPRegen  0.10/turn              (no ring)

@: slow
A: amphibious, slowness 1, strong legs 1, +LOS
a: Hop


You were on level 2 of the Dungeon.
You visited 1 branch of the dungeon, and saw 2 of its levels.

You collected 34 gold pieces.

Inventory:

Hand Weapons
 b - a +0 dagger
 i - a +0 hunting sling
 l - a +0 spear (weapon)
Missiles
 j - 22 bolts
Armour
 a - a +0 robe (worn)
 c - a +1 helmet (worn)
 g - a +0 ring mail
Scrolls
 f - a scroll of noise {unknown}
 h - 2 scrolls of fear {unknown}
 k - a scroll of enchant armour {unknown}
Potions
 d - 3 potions of mutation {unknown}
 e - a potion of lignification {unknown}
 m - a potion of degeneration {unknown}


   Skills:
 - Level 2.1 Dodging
 - Level 1.7 Stealth
 - Level 2.1 Spellcasting
 + Level 6.3 Summonings


You had 3 spell levels left.
You knew the following spells:

 Your Spells              Type           Power      Damage    Failure   Level
a - Summon Small Mammal   Summ           80%        N/A       1%          1
b - Call Imp              Summ           20%        N/A       2%          2

Your spell library contained the following spells:

 Spells                   Type           Power      Damage    Failure   Level
 Call Canine Familiar     Summ           20%        N/A       4%          3
 Summon Guardian Golem    Hex/Summ       11%        N/A       19%         3
 Summon Ice Beast         Ice/Summ       11%        N/A       52%         4
 Summon Lightning Spire   Summ/Air       11%        N/A       52%         4


Dungeon Overview and Level Annotations

Branches:
Dungeon (2/15)

Altars:


Innate Abilities, Weirdness & Mutations

You are amphibious.
You cover ground slowly.
You can hop short distances.
You have an extended range of vision and can be seen from far away.


Message History

The black bear claws you but does no damage.
Your shadow imp hits the dart slug.
The dart slug dies!
You barely miss the black bear.
The black bear is moderately wounded.
The black bear completely misses you.
The black bear claws you but does no damage.
The black bear barely misses you.
Your shadow imp barely misses the black bear.
The hobgoblin hits your shadow imp but does no damage.
You hit the black bear but do no damage.
The black bear is lightly wounded.
The black bear bites you but does no damage.
The black bear claws you but does no damage.
The black bear claws you.
Your shadow imp barely misses the black bear.
The hobgoblin hits your shadow imp. The black bear closely misses you.
The black bear claws you but does no damage.
The black bear claws you.
You completely miss the black bear.
The black bear is lightly wounded.
The hobgoblin is no longer unusually resistant.
Your shadow imp barely misses the black bear.
The hobgoblin hits your shadow imp but does no damage.
The black bear closely misses you. The black bear claws you.
* * * LOW HITPOINT WARNING * * *
The black bear claws you.
* * * LOW HITPOINT WARNING * * *
Your shadow imp closely misses the black bear.
The hobgoblin barely misses your shadow imp.
Your shadow imp gestures at the black bear.
The black bear writhes in agony.
The black bear bites you.
* * * LOW HITPOINT WARNING * * *
The black bear barely misses you.
The black bear claws you but does no damage.
Casting: Call Imp (safe; 2% risk of failure)
Confirm with . or Enter, or press ? or * to list all spells.
The black bear bites you.
You die...

#.###.########.#.#..#.....
#.#...# #.#..[..<....
#.#.##########.######.#...
#######.#.......................
#.............#########.#.#.#...
##.#####...............#.#.......
......########.####.##...........
##.##..........####.##.#.#.######
..............5h@.....†...># ###
##.########.#g....#.##.#.#.......
#.# #.r#####r.##.#.######## #.#
#.## ##.##.#.# # #.########.#
#.##.#.# # #..........# .#.##.#.#
# #......#S#.# ..)#.##.#.# # ....
##.###'r?$##.#..#.. . .. #...?S#
###..#..##########


You could see a black bear (ally target), a hobgoblin, a rat, a friendly shadow
imp (summoned) and a friendly quokka (summoned).

Vanquished Creatures
  A ball python (D:1)
  2 bats (D:1)
  2 giant cockroaches
  2 goblins
  3 hobgoblins
  A jackal (D:2)
  2 frilled lizards
  2 kobolds (D:2)
  2 rats (D:1)
17 creatures vanquished.

Vanquished Creatures (collateral kills)
  An adder (D:2)
  3 dart slugs
  An endoplasm (D:1)
  A giant cockroach (D:1)
  A goblin (D:1)
  2 hobgoblins (D:2)
  A jackal (D:2)
  A kobold (D:1)
  A quokka (D:1)
  A ball python (D:1)
  2 bats (D:1)
  2 frilled lizards
17 creatures vanquished.

Grand Total: 34 creatures vanquished

Notes
Turn   | Place    | Note
-------+----------+-------------------------------------------
     0 | D:1      | Gwenloh the Barachi Summoner began the quest for the Orb.
     0 | D:1      | Reached XP level 1. HP: 13/13 MP: 3/3
   397 | D:1      | Reached skill level 5 in Summonings
   798 | D:1      | Reached XP level 2. HP: 19/19 MP: 3/5
  1793 | D:1      | Learned a level 2 spell: Call Imp
  2199 | D:2      | Reached XP level 3. HP: 24/24 MP: 6/6
  2239 | D:2      | Reached skill level 6 in Summonings
  2386 | D:2      | Noticed a black bear
  2441 | D:2      | Slain by a black bear

Illustrated notes

Levels and vault maps discovered:
D:1:      eino_arrival_water_cross, layout_basic
D:2:      layout_basic, minmay_joined_circles

Skill      XL: |  1  2  3 |
---------------+----------+-----
Summonings     | 5 6 |  6.3
Dodging        | |  2.1
Stealth        | |  1.7
Spellcasting   | |  2.1

Action                   || total
-------------------------++-------
Melee: Dagger            ||   119
       Spear             ||    64
 Cast: Summon Small Mamm ||    22
       Call Imp          ||     4
 Stab: Sleeping          ||     2
       Distracted        ||     1
Armor: Robe              ||    66
Dodge: Dodged            ||   151

Table legend: (Time is in decaauts)
 A = Elapsed time spent in this place.
 B = Non-inter-level travel time spent in this place.
 C = Inter-level travel time spent in this place.
 D = Time resting spent in this place.
 E = Time spent auto-exploring this place.
 F = Levels seen in this place.
 G = Mean time per level.
                   A        B        C        D        E       F      G
               +--------+--------+--------+--------+--------+-----+--------+
         Total |   2717 |   2570 |    147 |    355 |   1612 |   2 | 1358.5 |
       Dungeon |   2717 |   2570 |    147 |    355 |   1612 |   2 | 1358.5 |
               +--------+--------+--------+--------+--------+-----+--------+

Top non-repeatable levels by time:
     D:1: 2370 daAuts
     D:2: 346 daAuts
